 Dungeon Crawl Stone Soup version 0.30.1-4-g462c640d31 (webtiles) character file.

Game seed: 14767974772016525588

25609 spardeous the Blocker (level 13, -6/103 (104) HPs)
             Began as a Gnoll Fighter on Aug 24, 2023.
             Was an Initiate of Gozag.
             Splashed by a brown ugly thing's acid (7 damage)
             ... in a Gauntlet.
             The game lasted 00:37:41 (18944 turns).

spardeous the Blocker (Gnoll Fighter)              Turns: 18944, Time: 00:37:41

HP:   -6/103 (104)  AC:  1    Str: 25    XL:     13   Next: 20%
MP:   25/25         EV: 15    Int: 11    God:    Gozag
Gold: 903           SH: 17    Dex: 19    Spells: 23/28 levels left

rFire   . . .        X - +7 sceptre of Torment {pain, torment}
rCold   . . .        i - +0 kite shield
rNeg    . . .        a - +1 ring mail {rPois}
rPois   +            n - +2 helmet {Int+3}
rElec   .            D - +2 cloak
rCorr   .            O - +1 pair of gloves
SInv    .            (no boots)
Will    .....        g - amulet of reflection
Stlth   ++++         U - +6 ring of strength
HPRegen 0.37/turn    N - +6 ring of dexterity
MPRegen 0.19/turn

%: no teleportation, reflection
@: corroded, gold aura, lightly drained
A: fangs 1, strong nose, distributed training
a: Renounce Religion, Potion Petition, Call Merchant, Bribe Branch


You were in a Gauntlet.
You worshipped Gozag.
Gozag was pleased with you.
You visited 3 branches of the dungeon, and saw 16 of its levels.
You visited 1 bazaar.
You also visited: Sewer, Bailey and Gauntlet.

You collected 3122 gold pieces.
You spent 1308 gold pieces at shops.
You paid 911 gold pieces to Gozag.

Inventory:

Hand Weapons
 S - the +3 broad axe of Slow Death {freeze, rC+}
   (You found it on level 7 of the Dungeon)

   rC:        It protects you from cold.
 X - the +7 sceptre of Torment (weapon) {pain, torment}
   (You took it off Grum in a bailey)
Armour
 a - a +1 ring mail of poison resistance (worn)
 i - a +0 kite shield (worn)
 n - a +2 helmet of intelligence (worn)
 u - the +2 plate armour of the End {Rampage *Slow Dex+4}
   (You bought it in a shop in a bazaar)

   Dex:       It affects your dexterity (+4).
   *Slow:     It may slow you when you take damage.
   Rampage:   It bestows one free step when moving towards enemies.
 x - a +1 ring mail of cold resistance
 D - a +2 cloak (worn)
 F - the +1 pair of boots of Tulips {rF+ Will+ Str-3 Int+5}
   (You found it in a Gauntlet)

   Str:       It affects your strength (-3).
   Int:       It affects your intelligence (+5).
   rF:        It protects you from fire.
   Will:      It increases your willpower.
 O - a +1 pair of gloves (worn)
Jewellery
 b - a ring of protection from fire
 c - a +6 ring of strength
 g - an amulet of reflection (around neck)
 y - a +6 ring of dexterity
 N - a +6 ring of dexterity (right hand)
 T - a ring of see invisible
 U - a +6 ring of strength (left hand)
 V - a ring of protection from cold
 Y - a ring of magical power
Wands
 E - a wand of digging (9)
 K - a wand of iceblast (17)
 M - a wand of polymorph (17)
 P - a wand of paralysis (2)
Scrolls
 f - 12 scrolls of teleportation
 h - a scroll of torment
 j - 3 scrolls of enchant armour
 p - 2 scrolls of silence
 q - 5 scrolls of immolation
 r - 3 scrolls of blinking
 v - a scroll of amnesia
 w - a scroll of vulnerability
 B - 3 scrolls of fear
 C - 2 scrolls of fog
 I - 2 scrolls of enchant weapon
 J - 3 scrolls of poison
 L - 2 scrolls of magic mapping
Potions
 d - 4 potions of might
 e - 6 potions of degeneration
 k - 3 potions of haste
 l - 2 potions of heal wounds
 m - 4 potions of attraction
 o - 4 potions of brilliance
 s - 2 potions of cancellation
 t - 4 potions of flight
 z - 4 potions of curing
 A - 3 potions of ambrosia {unknown}
 G - 4 potions of mutation
 H - 8 potions of lignification
 Q - 5 potions of magic {unknown}
 R - a potion of resistance
 Z - a potion of berserk rage {unknown}


   Skills:
 + Level 10.6 Fighting
 + Level 8.4 Short Blades
 + Level 8.4 Long Blades
 + Level 9.6 Axes
 + Level 8.4 Maces & Flails
 + Level 8.4 Polearms
 + Level 8.4 Staves
 + Level 8.4 Ranged Weapons
 + Level 8.4 Throwing
 + Level 10.6 Armour
 + Level 8.4 Dodging
 + Level 8.4 Stealth
 + Level 10.6 Shields
 + Level 8.4 Unarmed Combat
 + Level 8.4 Spellcasting
 + Level 7.0 Conjurations
 + Level 7.0 Hexes
 + Level 7.0 Summonings
 + Level 7.0 Necromancy
 + Level 7.0 Translocations
 + Level 7.0 Transmutations
 + Level 7.0 Fire Magic
 + Level 7.0 Ice Magic
 + Level 7.0 Air Magic
 + Level 7.0 Earth Magic
 + Level 7.0 Poison Magic
 + Level 9.2 Invocations
 + Level 8.4 Evocations


You had 23 spell levels left.
You knew the following spells:

 Your Spells              Type           Power      Damage    Failure   Level
a - Vhi's Electric Charg  Tloc/Air       40%        N/A       6%          3
b - Sublimation of Blood  Necr           20%        N/A       3%          2

Your spell library contained the following spells:

 Spells                   Type           Power      Damage    Failure   Level
 Beastly Appendage        Tmut           40%        N/A       1%          1
 Kiss of Death            Conj/Necr      80%        2d11      1%          1
 Magic Dart               Conj           80%        1d7       1%          1
 Summon Small Mammal      Summ           80%        N/A       1%          1
 Call Imp                 Summ           40%        N/A       3%          2
 Ensorcelled Hibernation  Hex/Ice        40%        N/A       3%          2
 Scorch                   Fire           40%        2d6       3%          2
 Wereblood                Tmut           20%        N/A       3%          2
 Call Canine Familiar     Summ           20%        N/A       6%          3
 Confusing Touch          Hex            20%        N/A       6%          3
 Dazzling Flash           Conj/Hex       40%        N/A       6%          3
 Mephitic Cloud           Conj/Pois/Air  20%        N/A       6%          3
 Spider Form              Tmut/Pois      20%        N/A       6%          3
 Summon Guardian Golem    Hex/Summ       20%        N/A       6%          3
 Tukima's Dance           Hex            20%        N/A       6%          3
 Anguish                  Hex/Necr       10%        N/A       21%         4
 Dispel Undead            Necr           20%        3d11      21%         4
 Flame Wave               Conj/Fire      20%        2d7       21%         4
 Passage of Golubria      Tloc           20%        N/A       21%         4
 Petrify                  Tmut/Erth      20%        N/A       21%         4
 Agony                    Necr           20%        N/A       50%         5
 Arcjolt                  Conj/Air       10%        1d20      50%         5
 Irradiate                Conj/Tmut      10%        3d15      50%         5
 Metabolic Englaciation   Hex/Ice        10%        N/A       50%         5
 Silence                  Hex/Air        10%        N/A       50%         5
 Yara's Violent Unravell  Hex/Tmut       10%        3d6       50%         5
 Plasma Beam              Fire/Air       10%        2x1d23    97%         6
 Statue Form              Tmut/Erth      13%        N/A       97%         6
 Summon Cactus Giant      Summ           10%        N/A       97%         6
 Maxwell's Capacitive Co  Air            10%        ∞         100%        8


Dungeon Overview and Level Annotations

Branches:
Dungeon (12/15)            Temple (1/1) D:6            Lair (3/5) D:8
 Shoals (0/4) Lair:3       Spider (0/4) Lair:2          Orc (0/2) D:10
  Sewer (visited)          Bailey (visited)         Gauntlet (1/1)

Altars:
Ashenzari
Cheibriados
Dithmenos
Elyvilon
Fedhas
Gozag
Hepliaklqana
Kikubaaqudgha
Makhleb
Nemelex Xobeh
Okawaru
Qazlal
Ru
Sif Muna
Trog
Uskayaw
Vehumet
Wu Jian
Xom
Yredelemnul
Zin
The Shining One

Shops:
D:5 *   D:12 ?

Annotations:
Gauntlet 9 transporters


Innate Abilities, Weirdness & Mutations

You have very sharp teeth.
Your uncanny sense of smell can sniff out nearby items.
Your experience applies equally to all skills.


Message History

The brown ugly thing attacks as you move away!
The brown ugly thing engulfs you. The acid corrodes you!
You are splashed with acid.
* * * LOW HITPOINT WARNING * * *
You feel less confused.
The glowing orange brain pulsates.
You take 11 damage, and have 43/101 hp.
You sock the glowing orange brain!
You kill the glowing orange brain!
You block the brown ugly thing's attack.
You block the soul eater's attack.
You are no longer terrified.
Your Conjurations skill increases to level 7!
Your Hexes skill increases to level 7!
Your Summonings skill increases to level 7!
Your Necromancy skill increases to level 7!
Your Translocations skill increases to level 7!
Your Transmutations skill increases to level 7!
Your Fire Magic skill increases to level 7!
Your Ice Magic skill increases to level 7!
Your Air Magic skill increases to level 7!
Your Earth Magic skill increases to level 7!
Your Poison Magic skill increases to level 7!
Unknown command.
Unknown command.
Unknown command.
You hit the brown ugly thing but do no damage.
The brown ugly thing writhes in agony!
The brown ugly thing is almost dead.
The brown ugly thing engulfs you!
* * * LOW HITPOINT WARNING * * *
The acid corrodes you!
You are splashed with acid!
* * * LOW HITPOINT WARNING * * *
The soul eater hits you!
* * * LOW HITPOINT WARNING * * *
The brown ugly thing engulfs you!
* * * LOW HITPOINT WARNING * * *
You are splashed with acid!
You die...
Your body crumbles into a pile of gold.

##≈#§#≈#≈#§#≈#≈####.......
##..§.§§§§§......#§########
#≈.8.§§...8................
##...............8.....8...
#§...###########...........
##...#..[(©$..u#...########
#≈...#..#...#.G#...#hbb#b#h
##...#.#######.#...#.#h#[b#
#≈...##..#@#..##...#.#.#$!t
##.8.#.G.3©u...#.8.#.#.©###
#≈...##..#.#..##...#h#.....
##...#.##...##.#...#bb####.
#≈...#..#...#..#...#bht....
##§..#...#.#...#...########
#≈...###########.....#.©.#.
##§.....#.©.#........#...#.
##.8...#.8.#...8....#.©.#.


You could see a brown ugly thing, a soul eater (summoned) and a glowing orange
brain.

Vanquished Creatures
  Fannar (D:10)
  2 boulder beetles
  3 two-headed ogres
  The ghost of Esekla the Thaumaturge, a journeyman DENe of Vehumet (D:9)
  A death drake (Gauntlet)
  A glowing orange brain (Gauntlet)
  A spectral wolf spider (Gauntlet)
  2 ugly things (D:12)
  A manticore (D:11)
  3 cane toads
  A torpor snail (Lair:2)
  3 komodo dragons
  Psyche (D:8)
  2 rime drakes
  A meliai (Lair:2)
  4 trolls
  A hornet (D:7)
  A spectral meliai (Gauntlet)
  10 blink frogs
  6 shadows
  A wraith (D:12)
  3 wyverns
  Eustachio (D:4)
  13 yaks
  A basilisk (Lair:1)
  4 steam dragons
  Grum (Bailey)
  6 water moccasins
  2 two-headed ogre zombies (D:10)
  2 acid dragons
  A black bear (D:7)
  7 orc warriors
  4 ice beasts
  An ogre (D:11)
  18 wolves
  8 centaurs
  A phantom (D:5)
  A kobold brigand (D:10)
  7 gnoll sergeants (Bailey)
  5 scorpions
  9 bullfrogs
  18 wights
  A troll zombie (D:10)
  6 killer bees
  2 electric eels
  9 orc priests
  3 jellies
  8 gnoll boudas
  5 hounds
  Crazy Yiuf (D:2)
  Jessica (D:2)
  5 iguanas
  10 orc wizards
  Natasha (thrice) (D:2)
  5 ogre zombies (D:10)
  Robin (D:2)
  10 adders
  13 gnolls
  4 river rats (Sewer)
  2 white imps (D:6)
  2 ufetubi
  3 worms
  A dart slug (D:4)
  54 orcs
  23 ball pythons
  5 bats
  7 endoplasms
  5 giant cockroaches
  16 goblins
  6 hobgoblins
  4 jackals (D:2)
  11 kobolds
  5 quokkas
  7 frilled lizards
  A goblin skeleton (D:10)
  5 hobgoblin skeletons (D:10)
  4 orc skeletons (D:10)
  15 orc zombies (D:10)
  34 rats
457 creatures vanquished.

Vanquished Creatures (others)
  A kobold (D:10)
1 creature vanquished.

Grand Total: 458 creatures vanquished

Notes
Turn   | Place    | Note
-------+----------+-------------------------------------------
     0 | D:1      | spardeous the Gnoll Fighter began the quest for the Orb.
     0 | D:1      | Reached XP level 1. HP: 23/23 MP: 1/1
    23 | D:1      | Reached XP level 2. HP: 27/29 MP: 2/2
   194 | D:1      | Found a faded altar of an unknown god.
   710 | D:2      | Reached XP level 3. HP: 35/35 MP: 3/3
   825 | D:2      | Reached skill level 1 in Invocations
   827 | D:2      | Noticed Robin
   839 | D:2      | Killed Robin
   840 | D:2      | Reached skill level 1 in Short Blades
   840 | D:2      | Reached skill level 1 in Long Blades
   840 | D:2      | Reached skill level 1 in Maces & Flails
   840 | D:2      | Reached skill level 1 in Polearms
   840 | D:2      | Reached skill level 1 in Staves
   840 | D:2      | Reached skill level 1 in Ranged Weapons
   840 | D:2      | Reached skill level 1 in Throwing
   840 | D:2      | Reached skill level 1 in Dodging
   840 | D:2      | Reached skill level 1 in Stealth
   840 | D:2      | Reached skill level 1 in Unarmed Combat
   840 | D:2      | Reached skill level 1 in Spellcasting
   840 | D:2      | Reached skill level 1 in Evocations
   849 | D:2      | Reached XP level 4. HP: 31/41 MP: 5/5
  1074 | D:2      | Noticed Natasha
  1082 | D:2      | Killed Natasha
  1083 | D:2      | Reached skill level 1 in Conjurations
  1083 | D:2      | Reached skill level 1 in Hexes
  1083 | D:2      | Reached skill level 1 in Summonings
  1083 | D:2      | Reached skill level 1 in Necromancy
  1083 | D:2      | Reached skill level 1 in Translocations
  1083 | D:2      | Reached skill level 1 in Transmutations
  1083 | D:2      | Reached skill level 1 in Fire Magic
  1083 | D:2      | Reached skill level 1 in Ice Magic
  1083 | D:2      | Reached skill level 1 in Air Magic
  1083 | D:2      | Reached skill level 1 in Earth Magic
  1083 | D:2      | Reached skill level 1 in Poison Magic
  1251 | D:2      | Noticed Natasha
  1261 | D:2      | Killed Natasha
  1262 | D:2      | Reached XP level 5. HP: 42/47 MP: 5/7
  1303 | D:2      | Noticed Jessica
  1307 | D:2      | Killed Jessica
  1539 | D:2      | Noticed Natasha
  1550 | D:2      | Killed Natasha
  1635 | D:2      | Found a runed translucent door.
  1636 | D:2      | Noticed Crazy Yiuf
  1644 | D:2      | Killed Crazy Yiuf
  2004 | D:3      | Reached XP level 6. HP: 53/53 MP: 8/8
  2182 | D:3      | Found a glowing drain.
  2186 | Sewer    | Entered a sewer
  2284 | Sewer    | Reached skill level 5 in Axes
  2598 | Sewer    | Reached XP level 7. HP: 11/60 MP: 10/10
  2941 | D:3      | Found a glowing silver altar of Zin.
  2941 | D:3      | Noticed an angel
  3533 | D:4      | Noticed Eustachio
  3822 | D:4      | Killed Eustachio
  4250 | D:4      | Reached XP level 8. HP: 45/67 MP: 12/12
  4647 | D:5      | Entered Level 5 of the Dungeon
  5517 | D:5      | Found Xucar's CLEARANCE SALE!.
  5526 | D:5      | Bought a scroll of magic mapping for 22 gold pieces
  5526 | D:5      | Bought a scroll of poison for 12 gold pieces
  5773 | D:6      | Found a staircase to the Ecumenical Temple.
  5785 | Temple   | Entered the Ecumenical Temple
  5979 | Temple   | Became a worshipper of Gozag Ym Sagoz the Greedy
  6456 | D:6      | Reached XP level 9. HP: 30/73 MP: 14/14
  6898 | D:7      | Noticed a hornet
  6908 | D:7      | Killed a hornet
  7027 | D:7      | Identified the +3 broad axe of Slow Death {freeze, rC+}
  7072 | D:7      | Noticed a troll
  7089 | D:7      | Killed a troll
  7090 | D:7      | Reached skill level 5 in Invocations
  7791 | D:8      | Noticed a troll
  7804 | D:8      | Killed a troll
  7928 | D:8      | Noticed Psyche
  7935 | D:8      | Killed Psyche
  7936 | D:8      | Reached skill level 5 in Short Blades
  7936 | D:8      | Reached skill level 5 in Long Blades
  7936 | D:8      | Reached skill level 5 in Maces & Flails
  7936 | D:8      | Reached skill level 5 in Polearms
  7936 | D:8      | Reached skill level 5 in Staves
  7936 | D:8      | Reached skill level 5 in Ranged Weapons
  7936 | D:8      | Reached skill level 5 in Throwing
  7936 | D:8      | Reached skill level 5 in Dodging
  7936 | D:8      | Reached skill level 5 in Stealth
  7936 | D:8      | Reached skill level 5 in Unarmed Combat
  7936 | D:8      | Reached skill level 5 in Spellcasting
  7936 | D:8      | Reached skill level 5 in Evocations
  7936 | D:8      | Reached XP level 10. HP: 81/81 MP: 17/17
  8005 | D:8      | Found a staircase to the Lair.
  8327 | D:8      | Found a shimmering blue altar of Sif Muna.
  8327 | D:8      | Identified the +1 leather armour "Wosul" {Dex+4}
  8622 | D:9      | Noticed a two-headed ogre
  8697 | D:9      | Found a hazy altar of Hepliaklqana.
  9639 | D:9      | Found a runed translucent door.
  9640 | D:9      | Noticed Esekla's ghost (journeyman DENe)
 10015 | D:10     | Entered Level 10 of the Dungeon
 10130 | D:10     | Found a burning altar of Makhleb.
 10184 | D:10     | Noticed Fannar
 10219 | D:10     | Killed Fannar
 10220 | D:10     | Reached skill level 5 in Conjurations
 10220 | D:10     | Reached skill level 5 in Hexes
 10220 | D:10     | Reached skill level 5 in Summonings
 10220 | D:10     | Reached skill level 5 in Necromancy
 10220 | D:10     | Reached skill level 5 in Translocations
 10220 | D:10     | Reached skill level 5 in Transmutations
 10220 | D:10     | Reached skill level 5 in Fire Magic
 10220 | D:10     | Reached skill level 5 in Ice Magic
 10220 | D:10     | Reached skill level 5 in Air Magic
 10220 | D:10     | Reached skill level 5 in Earth Magic
 10220 | D:10     | Reached skill level 5 in Poison Magic
 10220 | D:10     | Reached XP level 11. HP: 24/89 MP: 18/20
 10453 | D:10     | Found a flagged portal.
 10462 | Bailey   | Entered a bailey
 10536 | Bailey   | Learned a level 3 spell: Vhi's Electric Charge
 10539 | Bailey   | Learned a level 2 spell: Sublimation of Blood
 10812 | Bailey   | Noticed Grum
 10893 | Bailey   | Killed Grum
 11893 | D:10     | Found a staircase to the Orcish Mines.
 12164 | D:10     | Found a sacrificial altar of Ru.
 12454 | D:11     | Noticed a manticore
 12468 | D:11     | Killed a manticore
 12852 | D:11     | Noticed a boulder beetle
 12872 | D:11     | Killed a boulder beetle
 13535 | D:12     | Noticed a two-headed ogre
 13539 | D:12     | Killed a two-headed ogre
 13593 | D:12     | Noticed a white ugly thing
 13666 | D:12     | Found a flickering gateway to a bazaar.
 13682 | D:12     | Noticed a two-headed ogre
 13696 | D:12     | Found The Oracle's Delphic Readings.
 13706 | D:12     | Killed a two-headed ogre
 13707 | D:12     | Reached XP level 12. HP: 82/97 MP: 22/22
 13711 | D:12     | Noticed a boulder beetle
 13737 | D:12     | Killed a boulder beetle
 13769 | Bazaar   | Entered a bazaar
 13770 | Bazaar   | Found Beegh's Antique Armour Boutique.
 13800 | Bazaar   | Found Eleume's Antique Weapon Emporium.
 13806 | Bazaar   | Found Zaowylu's Distillery.
 13822 | Bazaar   | Found Cealet's Armour Boutique.
 13857 | Bazaar   | Found Titar's Armour Shoppe.
 13895 | Bazaar   | Bought a potion of mutation for 88 gold pieces
 13924 | Bazaar   | Bought a heavily runed leather armour for 126 gold pieces
 13924 | Bazaar   | Identified the +1 leather armour of Amelioration {rElec rF+
                  | rCorr Dex-5} (You bought it in a shop in a bazaar)
 13924 | Bazaar   | Bought a glowing helmet for 135 gold pieces
 13924 | Bazaar   | Bought a distressingly furry plate armour for 504 gold
                  | pieces
 13924 | Bazaar   | Identified the +2 plate armour of the End {Rampage *Slow
                  | Dex+4} (You bought it in a shop in a bazaar)
 13934 | Bazaar   | Bought an ominously black robe for 102 gold pieces
 13934 | Bazaar   | Identified the +1 robe "Miucegud" {Regen+} (You bought it
                  | in a shop in a bazaar)
 13946 | Bazaar   | Bought a potion of curing for 33 gold pieces
 13946 | Bazaar   | Bought a potion of degeneration for 11 gold pieces
 13946 | Bazaar   | Bought a potion of curing for 33 gold pieces
 13946 | Bazaar   | Bought a potion of haste for 110 gold pieces
 13946 | Bazaar   | Bought a potion of curing for 33 gold pieces
 13946 | Bazaar   | Bought a potion of flight for 33 gold pieces
 13946 | Bazaar   | Bought a potion of attraction for 33 gold pieces
 13946 | Bazaar   | Bought a potion of lignification for 33 gold pieces
 14823 | D:9      | Found a hazy altar of Hepliaklqana.
 14845 | D:9      | Killed a two-headed ogre
 14891 | D:9      | Found a runed translucent door.
 14908 | D:9      | Killed Esekla's ghost
 14909 | D:9      | Reached skill level 10 in Fighting
 14909 | D:9      | Reached skill level 10 in Armour
 14909 | D:9      | Reached skill level 10 in Shields
 15617 | D:9      | Found a glowing golden altar of the Shining One.
 16210 | Lair:1   | Entered Level 1 of the Lair of Beasts
 17302 | Lair:2   | Found a hole to the Spider Nest.
 17696 | Lair:2   | Reached XP level 13. HP: 104/104 MP: 25/25
 18231 | Lair:3   | Found a staircase to the Shoals.
 18280 | Lair:3   | Found a gate leading to a gauntlet.
 18295 | Gauntlet | Entered a Gauntlet
 18295 | Gauntlet | Found a transporter.
 18377 | Gauntlet | Noticed a dire elephant
 18451 | Gauntlet | Found a transporter.
 18457 | Gauntlet | Found a transporter.
 18458 | Gauntlet | Found a transporter.
 18459 | Gauntlet | Found a transporter.
 18460 | Gauntlet | Noticed a reaper
 18462 | Gauntlet | Found a transporter.
 18467 | Gauntlet | Found a transporter.
 18468 | Gauntlet | Found a transporter.
 18488 | Gauntlet | Found a transporter.
 18496 | Gauntlet | Found a transporter.
 18496 | Gauntlet | Found a transporter.
 18498 | Gauntlet | Found a runed translucent door.
 18504 | Gauntlet | Found a transporter.
 18510 | Gauntlet | Found a runed translucent door.
 18667 | Gauntlet | Identified the +1 pair of boots of Tulips {rF+ Will+ Str-3
                  | Int+5}
 18944 | Gauntlet | HP: 1/103 [brown ugly thing (9)]
 18944 | Gauntlet | Splashed by a brown ugly thing's acid

Illustrated notes

Levels and vault maps discovered:
D:1:      dpeg_arrival_renting, layout_loops_ring, ebering_ecumenical_altar_box,
          minmay_misc_feat_enclosed, chequers_serial_rivers_micro_e
D:2:      layout_basic, kennysheep_doodads, corexii_corridor_pit, uniq_robin,
          uniq_jessica, uniq_crazy_yiuf_cottage, uniq_natasha
D:3:      layout_basic, zin_angel, gup_sewer_entry_spiral, minmay_surrounded
D:4:      layout_basic, guppyfry_early_orc_mine, uniq_eustachio
D:5:      layout_basic, nicolae_shop_clearance
D:6:      layout_loops_corners, minmay_temple_entry_junction_2,
          mrwooster_statue_mirror
D:7:      kennysheep_steamy, layout_basic
D:8:      layout_cave_pools, mainiacjoe_overflow_alcove_1, erik_lair_island,
          uniq_psyche
D:9:      layout_basic, tso_altar, lemuel_doored_altar,
          ebering_ghost_reflecting_pool
D:10:     layout_basic, chequers_temple_overflow_statue_of_worship,
          zombieorc2_lemuel, serial_rivers, chequers_serial_rivers_marsh,
          chequers_serial_rivers_micro_a, chequers_serial_rivers_micro_a,
          chequers_serial_rivers_room_b, chequers_serial_rivers_small_3,
          enter_bailey_2, uniq_fannar
D:11:     layout_roguey [special_room_orc], lemuel_another_geyser
D:12:     layout_cave_pools, serial_shops, bzr_entry_gold,
          nicolae_nh_oracle_at_delphi, uniq_nessos
Temple:   regret_index_temple_sphere_string
Lair:1:   layout_chaotic_city
Lair:2:   layout_gridlike, hellmonk_spider_entry_not_the_bees,
          small_statue_intersection, chequers_serial_rivers_room_a
Lair:3:   layout_small_grid, minmay_shoals_entry_beasts, gauntlet_entry_generic,
          lemuel_fruit_tree
Gauntlet: minmay_gauntlet_mixed_oops_all_seconds
          [minmay_gauntlet_arena_77_two_lines, nicolae_gauntlet_arena_blocks,
          minmay_gauntlet_arena_77_cramped, gammafunk_gauntlet_arena_mazey,
          minmay_gauntlet_arena_77_radiant_squares,
          gammafunk_gauntlet_arena_chambers, dreamdust_gauntlet_exit_labyrinth]

Skill      XL: |  1  2  3  4  5  6  7  8  9 10 11 12 13 |
---------------+----------------------------------------+-----
Invocations    | 1 2 3 4 5 6 7 8 9 |  9.2
Short Blades   | 1 2 3 5 6 7 8 |  8.4
Long Blades    | 1 2 3 5 6 7 8 |  8.4
Maces & Flails | 1 2 3 5 6 7 8 |  8.4
Polearms       | 1 2 3 5 6 7 8 |  8.4
Staves         | 1 2 3 5 6 7 8 |  8.4
Ranged Weapons | 1 2 3 5 6 7 8 |  8.4
Throwing       | 1 2 3 5 6 7 8 |  8.4
Dodging        | 1 2 3 5 6 7 8 |  8.4
Stealth        | 1 2 3 5 6 7 8 |  8.4
Unarmed Combat | 1 2 3 5 6 7 8 |  8.4
Spellcasting   | 1 2 3 5 6 7 8 |  8.4
Evocations     | 1 2 3 5 6 7 8 |  8.4
Conjurations   | 1 2 3 4 5 6 7 |  7.0
Hexes          | 1 2 3 4 5 6 7 |  7.0
Summonings     | 1 2 3 4 5 6 7 |  7.0
Necromancy     | 1 2 3 4 5 6 7 |  7.0
Translocations | 1 2 3 4 5 6 7 |  7.0
Transmutations | 1 2 3 4 5 6 7 |  7.0
Fire Magic     | 1 2 3 4 5 6 7 |  7.0
Ice Magic      | 1 2 3 4 5 6 7 |  7.0
Air Magic      | 1 2 3 4 5 6 7 |  7.0
Earth Magic    | 1 2 3 4 5 6 7 |  7.0
Poison Magic   | 1 2 3 4 5 6 7 |  7.0
Axes           | 5 6 7 8 9 |  9.6
Fighting       | 7 8 9 10 | 10.6
Armour         | 7 8 9 10 | 10.6
Shields        | 7 8 9 10 | 10.6

Action                     |  1- 3 |  4- 6 |  7- 9 | 10-12 | 13-15 || total
---------------------------+-------+-------+-------+-------+-------++-------
  Melee: War axe           |    82 |   286 |   318 |       |       ||   686
         Bite              |     7 |    18 |    38 |    90 |     7 ||   160
         Unarmed           |       |       |    29 |       |       ||    29
         Broad axe         |       |       |    42 |   413 |       ||   455
         Eveningstar       |       |       |       |   286 |    72 ||   358
   Cast: Vhi's Electric Ch |       |       |       |     2 |       ||     2
 Invoke: Potion Petition   |       |       |       |       |     1 ||     1
  Evoke: Wand              |       |       |       |     1 |       ||     1
    Use: Scroll            |       |       |     1 |    13 |     4 ||    18
         Potion            |       |       |       |     6 |    10 ||    16
   Stab: Sleeping          |       |       |     2 |     7 |     1 ||    10
         Distracted        |       |       |     1 |     4 |     1 ||     6
         Invisible         |       |       |       |       |     1 ||     1
 Armour: Scale mail        |    44 |   140 |       |       |       ||   184
         Ring mail         |       |       |   158 |   225 |    49 ||   432
         Skin              |       |       |     3 |       |       ||     3
  Dodge: Dodged            |    37 |   133 |   228 |   401 |    44 ||   843
  Block: Buckler           |    21 |   173 |   247 |   421 |       ||   862
         Reflection        |       |     1 |     6 |    17 |       ||    24
         Other             |       |       |     7 |       |       ||     7
         Kite shield       |       |       |       |   154 |    75 ||   229
